 Seeded DCSS version 0.31-a0-16-g6d2539766c (webtiles) character file.

Game seed: 10732169684015721390 (custom seed)

77 voltaire321 the Ducker (level 4, -5/35 HPs)
             Began as a Merfolk Gladiator on May 8, 2023.
             Slain by an ogre
             ... wielding a +0 giant spiked club
              (10 damage)
             ... on level 4 of the Dungeon.
             The game lasted 00:04:20 (2321 turns).

voltaire321 the Ducker (Merfolk Gladiator)          Turns: 2321, Time: 00:04:21

Health: -5/35      AC:  8    Str: 16    XL:     4   Next: 34%
Magic:  4/4        EV: 12    Int:  7    God:
Gold:   140        SH:  0    Dex: 15    Spells: 3/3 levels left

rFire   . . .        a - +0 long sword
rCold   . . .        (no shield)
rNeg    . . .        r - +0 swamp dragon scales
rPois   +            c - +0 helmet
rElec   .            (no cloak)
rCorr   .            (no gloves)
SInv    .            (no boots)
Will    .....        (no amulet)
Stlth   +            (no ring)
HPRegen 0.25/turn    (no ring)
MPRegen 0.09/turn

%: no passive effects
@: no status effects
A: (nimble swimmer 2), mertail
a: no special abilities


You were on level 4 of the Dungeon.
You visited 1 branch of the dungeon, and saw 4 of its levels.

You collected 140 gold pieces.

Inventory:

Hand Weapons
 a - a +0 long sword (weapon)
Missiles
 d - 3 throwing nets (quivered)
 g - 3 datura-tipped darts
Armour
 c - a +0 helmet (worn)
 r - +0 swamp dragon scales (worn)
Scrolls
 b - 2 scrolls of amnesia {unknown}
 f - 4 scrolls of identify {unknown}
 h - a scroll of noise {unknown}
 j - a scroll of acquirement {unknown}
 k - a scroll of magic mapping {unknown}
 o - a scroll of fear {unknown}
Potions
 i - a potion of haste {unknown}
 l - a potion of degeneration {unknown}
 n - 4 potions of curing {unknown}
 p - a potion of might {unknown}
 q - a potion of resistance {unknown}


   Skills:
 + Level 3.0 Fighting
 + Level 4.2 Long Blades
 + Level 2.6 Throwing
 + Level 1.0 Armour
 + Level 4.5 Dodging


You had 3 spell levels left.
You didn't know any spells.
Your spell library contained the following spells:

 Spells                   Type           Power      Damage    Failure   Level
 Beastly Appendage        Tmut           0%         N/A       65%         1
 Wereblood                Tmut           0%         N/A       80%         2
 Spider Form              Tmut/Pois      0%         N/A       95%         3


Dungeon Overview and Level Annotations

Branches:
Dungeon (4/15)
 Temple: D:4-7

Altars:
Trog

Shops:
D:1 (![   D:3 *


Innate Abilities, Weirdness & Mutations

((You are very nimble when in or above water. (Stealth+, EV+, Speed+++)))
Your lower body shifts to a powerful aquatic tail in water.


Message History

The dart slug is heavily wounded.
The dart slug bites you but does no damage.
You hit the dart slug.
The dart slug is heavily wounded.
The dart slug barely misses you.
You hit the dart slug.
The dart slug is almost dead.
The dart slug barely misses you.
You hit the dart slug.
You kill the dart slug!
You start removing your armour.
You continue taking off your +0 ring mail. x4
You finish taking off your +0 ring mail.
You start putting on your armour.
You continue putting on your +0 swamp dragon scales. x5
You finish putting on your +0 swamp dragon scales.
You see here a +0 club.
Found a helmet.
Found an escape hatch in the ceiling.
You drop a +0 ring mail.
You now have 140 gold pieces (gained 6).
An ogre comes into view. It is wielding a +0 giant spiked club.
The ogre shouts!
Unknown command.
Throw: javelin
Press: ? - help, Q - select action, (/) - cycle Shift-Dir - straight line, f - ogre
Aim: an ogre, wielding a +0 giant spiked club (75% to hit)
You throw a javelin. The javelin pierces through the ogre!
The ogre is moderately wounded.
There is an escape hatch in the ceiling here.
You slash the ogre!
The ogre is severely wounded.
The ogre hits you with a +0 giant spiked club!
You hit the ogre.
The ogre is severely wounded.
The ogre hits you with a +0 giant spiked club!
* * * LOW HITPOINT WARNING * * *
You barely miss the ogre.
The ogre is severely wounded.
The ogre hits you with a +0 giant spiked club!
You die...

### ######### ..(
.......<# ..#
#######.# #######.##
#.# .........## #.#
####...$[..# #.#
........O..# #.#
#.....@..# #.#
####.......#### #.#
..............# #.#
####.......##.# #.#
#.......##.#### #.#
#.......[.....####.#
#.......##.##.)....#
.......####.##.######
...#.#..# #.##.#


You could see an ogre.

Vanquished Creatures
  An adder (D:3)
  2 worms (D:2)
  4 dart slugs
  4 orcs
  4 ball pythons
  5 endoplasms (D:1)
  A giant cockroach (D:3)
  5 goblins
  8 hobgoblins
  2 jackals (D:3)
  A bat (D:2)
  2 frilled lizards
  4 kobolds
  7 rats
50 creatures vanquished.

Notes
Turn   | Place    | Note
-------+----------+-------------------------------------------
     0 | D:1      | voltaire321 the Merfolk Gladiator began the quest for the
                  | Orb.
     0 | D:1      | Reached XP level 1. HP: 16/16 MP: 1/1
    29 | D:1      | Found Buepido's Antique Weapon Shop.
    59 | D:1      | Found Humav's Distillery.
   176 | D:1      | Reached XP level 2. HP: 18/23 MP: 2/2
   537 | D:1      | Found Goixelol's Antique Armour Emporium.
   565 | D:1      | Reached XP level 3. HP: 26/28 MP: 3/3
  1391 | D:2      | Found a bloodstained altar of Trog.
  1623 | D:3      | Found Lough's Assorted Antiques.
  1748 | D:3      | Reached skill level 1 in Armour
  1748 | D:3      | Reached XP level 4. HP: 34/34 MP: 4/4
  2314 | D:4      | Noticed an ogre
  2321 | D:4      | Slain by an ogre

Illustrated notes

Levels and vault maps discovered:
D:1:      mrwooster_arrival_arrow, layout_loops_corners, serial_shops,
          nicolae_shop_tiny_glass, shop, nicolae_square_shop, grunt_decor_cap
D:2:      layout_loops_cross, basic_altar, serial_park_tiny_2
D:3:      layout_loops_ring, serial_shops, shop
D:4:      layout_loops_ring, chequers_temple_overflow_minitemple, uniq_eustachio

Skill      XL: |  1  2  3  4 |
---------------+-------------+-----
Long Blades    | 4 |  4.2
Armour         | 1 |  1.0
Fighting       | 3 |  3.0
Throwing       | |  2.6
Dodging        | |  4.5

Action                     |  1- 3 |  4- 6 || total
---------------------------+-------+-------++-------
  Melee: Long sword        |   144 |    47 ||   191
  Throw: Javelin           |       |     1 ||     1
   Stab: Sleeping          |     2 |       ||     2
 Armour: Leather armour    |    12 |       ||    12
         Ring mail         |    42 |    16 ||    58
  Dodge: Dodged            |   110 |    25 ||   135

Table legend: (Time is in decaauts)
 A = Elapsed time spent in this place.
 B = Non-inter-level travel time spent in this place.
 C = Inter-level travel time spent in this place.
 D = Time resting spent in this place.
 E = Time spent auto-exploring this place.
 F = Levels seen in this place.
 G = Mean time per level.
                   A        B        C        D        E       F      G
               +--------+--------+--------+--------+--------+-----+--------+
         Total |   2358 |   2353 |      5 |     34 |   1783 |   4 |  589.5 |
       Dungeon |   2358 |   2353 |      5 |     34 |   1783 |   4 |  589.5 |
               +--------+--------+--------+--------+--------+-----+--------+

Top non-repeatable levels by time:
     D:1: 905 daAuts
     D:2: 717 daAuts
     D:3: 670 daAuts
     D:4: 64 daAuts
